TOP OF THE 1ST |
Utah Utes batting - Pitching for Texas A&M Aggies : LHP Terry Morris
|
Pitching: LHP Terry Morris
|
|
Batting: LHB Phil Cantrell
|
0-0: Ground out 1-3 (Groundball, 15S)
|
Batting: RHB Hunter Plunket
|
0-0: Ball 1-0: Swinging Strike 1-1: Foul Ball, location: 2F 1-2: Ball 2-2: Ball 3-2: Strikes out looking
|
Batting: LHB Felipe Valino
|
0-0: Fly out, F7 (Flyball, 7M)
|
Top of the 1st over - 0 run(s), 0 hit(s), 0 error(s), 0 left on base; Utah 0 - Texas A&M 0 |
BOTTOM OF THE 1ST |
Texas A&M Aggies batting - Pitching for Utah Utes : RHP Dave Owens
|
Pitching: RHP Dave Owens
|
|
Batting: LHB Dave Bryant
|
0-0: Called Strike 0-1: Foul Ball, location: 2F 0-2: Foul Ball, location: 2F 0-2: Ball 1-2: Ball 2-2: Strikes out looking
|
Batting: RHB Chris Burrell
|
0-0: Ball 1-0: Ball 2-0: Foul Ball, location: 2F 2-1: Ground out 6-3 (Groundball, 6)
|
Batting: LHB Jeff Douglas
|
0-0: Ball 1-0: SINGLE (Groundball, 4MD)
|
Batting: RHB Chance May
|
0-0: Called Strike 0-1: Swinging Strike 0-2: Foul Ball, location: 2F 0-2: Foul Ball, location: 2F 0-2: Foul Ball, location: 2F 0-2: Strikes out swinging
|
Bottom of the 1st over - 0 run(s), 1 hit(s), 0 error(s), 1 left on base; Utah 0 - Texas A&M 0 |
TOP OF THE 2ND |
Utah Utes batting - Pitching for Texas A&M Aggies : LHP Terry Morris
|
Batting: LHB Max Hoskins
|
0-0: Called Strike 0-1: Ball 1-1: Fly out, F4 (Popup, 3DF)
|
Batting: RHB Octávio Marín
|
0-0: Swinging Strike 0-1: Foul Ball, location: 2F 0-2: Strikes out swinging
|
Batting: LHB William Butler
|
0-0: Ball 1-0: Foul Ball, location: 2F 1-1: SOLO HOME RUN (Flyball, 9D), Distance : 365 ft
|
Batting: RHB Roy Baker
|
0-0: Called Strike 0-1: Fly out, F7 (Line Drive, 78M)
|
Top of the 2nd over - 1 run(s), 1 hit(s), 0 error(s), 0 left on base; Utah 1 - Texas A&M 0 |
BOTTOM OF THE 2ND |
Texas A&M Aggies batting - Pitching for Utah Utes : RHP Dave Owens
|
Batting: RHB Ryan Hilton
|
0-0: Foul Ball, location: 2F 0-1: Foul Ball, location: 2F 0-2: Strikes out swinging
|
Batting: RHB Julian Lee
|
0-0: Called Strike 0-1: Fly out, F9 (Flyball, 9M)
|
Batting: SHB Clint Woods
|
0-0: Ball 1-0: Fly out, F8 (Line Drive, 8LD)
|
Bottom of the 2nd over - 0 run(s), 0 hit(s), 0 error(s), 0 left on base; Utah 1 - Texas A&M 0 |
TOP OF THE 3RD |
Utah Utes batting - Pitching for Texas A&M Aggies : LHP Terry Morris
|
Batting: SHB George Wilder
|
0-0: Foul Ball, location: 2F 0-1: Called Strike 0-2: Ball 1-2: Ball 2-2: Foul Ball, location: 2F 2-2: Strikes out looking
|
Batting: RHB Todd Oliver
|
0-0: Ball 1-0: Ball 2-0: Ball 3-0: Called Strike 3-1: Foul Ball, location: 2F 3-2: Strikes out swinging
|
Batting: LHB Phil Cantrell
|
0-0: Called Strike 0-1: Ball 1-1: Ball 2-1: SINGLE (Flyball, 3D)
|
Batting: RHB Hunter Plunket
|
0-0: Ball 1-0: Called Strike 1-1: Ball 2-1: Swinging Strike 2-2: Fly out, F8 (Line Drive, 8RM)
|
Top of the 3rd over - 0 run(s), 1 hit(s), 0 error(s), 1 left on base; Utah 1 - Texas A&M 0 |
BOTTOM OF THE 3RD |
Texas A&M Aggies batting - Pitching for Utah Utes : RHP Dave Owens
|
Batting: SHB Jason Mason
|
0-0: Ball 1-0: Ball 2-0: Called Strike 2-1: Called Strike 2-2: Foul Ball, location: 2F 2-2: SINGLE (Line Drive, 78S)
|
Batting: SHB Bill Butler
|
0-0: Called Strike 0-1: Ball 1-1: Ball 2-1: Foul Ball, location: 2F 2-2: Ball 3-2: Base on Balls Jason Mason to second
|
Batting: LHB Dave Bryant
|
0-0: Called Strike 0-1: Fielders Choice at 2nd, 4-6 (Groundball, 4M) Jason Mason to third
|
Batting: RHB Chris Burrell
|
0-0: Called Strike 0-1: Called Strike 0-2: Ball 1-2: Foul Ball, location: 2F 1-2: Foul Ball, location: 2F 1-2: Strikes out swinging
|
Batting: LHB Jeff Douglas
|
0-0: Foul Ball, location: 2F 0-1: Ball 1-1: Foul Ball, location: 2F 1-2: Strikes out swinging
|
Bottom of the 3rd over - 0 run(s), 1 hit(s), 0 error(s), 2 left on base; Utah 1 - Texas A&M 0 |
TOP OF THE 4TH |
Utah Utes batting - Pitching for Texas A&M Aggies : LHP Terry Morris
|
Batting: LHB Felipe Valino
|
0-0: Ball 1-0: Ball 2-0: Foul Ball, location: 2F 2-1: Foul Ball, location: 2F 2-2: Foul Ball, location: 2F 2-2: Foul Ball, location: 2F 2-2: Strikes out swinging
|
Batting: LHB Max Hoskins
|
0-0: Ball 1-0: Swinging Strike 1-1: Swinging Strike 1-2: Strikes out swinging
|
Batting: RHB Octávio Marín
|
0-0: Called Strike 0-1: Ground out 1-3 (Groundball, 15)
|
Top of the 4th over - 0 run(s), 0 hit(s), 0 error(s), 0 left on base; Utah 1 - Texas A&M 0 |
BOTTOM OF THE 4TH |
Texas A&M Aggies batting - Pitching for Utah Utes : RHP Dave Owens
|
Batting: RHB Chance May
|
0-0: Ground out 4-3 (Groundball, 4)
|
Batting: RHB Ryan Hilton
|
0-0: SINGLE (Flyball, 7LS)
|
Batting: RHB Julian Lee
|
0-0: Called Strike 0-1: Ball 1-1: Foul Ball, location: 2F 1-2: Fly out, F7 (Flyball, 78M)
|
Batting: SHB Clint Woods
|
0-0: Fielders Choice at 2nd, U4 (Groundball, 4M)
|
Bottom of the 4th over - 0 run(s), 1 hit(s), 0 error(s), 1 left on base; Utah 1 - Texas A&M 0 |
TOP OF THE 5TH |
Utah Utes batting - Pitching for Texas A&M Aggies : LHP Terry Morris
|
Batting: LHB William Butler
|
0-0: SINGLE (Flyball, 6MD)
|
Batting: RHB Roy Baker
|
0-0: Called Strike 0-1: Foul Ball, location: 2F 0-2: Fly out, F7 (Flyball, 78S)
|
Batting: SHB George Wilder
|
0-0: Foul Ball, location: 2F 0-1: Ball 1-1: Ball 2-1: Foul Ball, location: 2F 2-2: Foul Ball, location: 2F 2-2: Ball 3-2: Ground out 5-3 (Groundball, 56S) William Butler to second
|
Batting: RHB Todd Oliver
|
0-0: Fly out, F8 (Flyball, 8LM)
|
Top of the 5th over - 0 run(s), 1 hit(s), 0 error(s), 1 left on base; Utah 1 - Texas A&M 0 |
BOTTOM OF THE 5TH |
Texas A&M Aggies batting - Pitching for Utah Utes : RHP Dave Owens
|
Batting: SHB Jason Mason
|
0-0: Foul Ball, location: 2F 0-1: Ball 1-1: Ball 2-1: Ball 3-1: Fly out, F9 (Line Drive, 9M)
|
Batting: SHB Bill Butler
|
0-0: Ball 1-0: Foul Ball, location: 2F 1-1: Swinging Strike 1-2: Strikes out looking
|
Batting: LHB Dave Bryant
|
0-0: Ball 1-0: Swinging Strike 1-1: Ball 2-1: SINGLE (Line Drive, 34D)
|
Batting: RHB Chris Burrell
|
0-0: Called Strike Dave Bryant is caught stealing 2nd base
|
Bottom of the 5th over - 0 run(s), 1 hit(s), 0 error(s), 0 left on base; Utah 1 - Texas A&M 0 |
TOP OF THE 6TH |
Utah Utes batting - Pitching for Texas A&M Aggies : LHP Terry Morris
|
Batting: LHB Phil Cantrell
|
0-0: Swinging Strike 0-1: Ball 1-1: Called Strike 1-2: Ball 2-2: Foul Ball, location: 2F 2-2: DOUBLE (Line Drive, 9LM)
|
Batting: RHB Hunter Plunket
|
0-0: Called Strike 0-1: Fly out, F8 (Flyball, 8RM)
|
Batting: LHB Felipe Valino
|
0-0: Ball 1-0: Foul Ball, location: 2F 1-1: Ball 2-1: Ground out 3-1 (Groundball, 34) Phil Cantrell to third
|
Batting: LHB Max Hoskins
|
0-0: Ball 1-0: Called Strike 1-1: Foul Ball, location: 2F 1-2: Foul Ball, location: 2F 1-2: Foul Ball, location: 2F 1-2: Foul Ball, location: 2F 1-2: Ball 2-2: Foul Ball, location: 2F 2-2: Foul Ball, location: 2F 2-2: Ball 3-2: Base on Balls
|
Pitching: RHP Ernesto González
|
|
Batting: RHB Octávio Marín
|
0-0: Ball 1-0: Called Strike 1-1: Fly out, F7 (Flyball, 78M)
|
Top of the 6th over - 0 run(s), 1 hit(s), 0 error(s), 2 left on base; Utah 1 - Texas A&M 0 |
BOTTOM OF THE 6TH |
Texas A&M Aggies batting - Pitching for Utah Utes : RHP Dave Owens
|
Batting: RHB Chris Burrell
|
0-0: Called Strike 0-1: Called Strike 0-2: Ball 1-2: Strikes out swinging
|
Batting: LHB Jeff Douglas
|
0-0: Called Strike 0-1: Ball 1-1: Called Strike 1-2: Strikes out swinging
|
Batting: RHB Chance May
|
0-0: Ball 1-0: Fly out, F8 (Flyball, 78M)
|
Bottom of the 6th over - 0 run(s), 0 hit(s), 0 error(s), 0 left on base; Utah 1 - Texas A&M 0 |
TOP OF THE 7TH |
Utah Utes batting - Pitching for Texas A&M Aggies : RHP Ernesto González
|
Batting: LHB William Butler
|
0-0: Foul Ball, location: 2F 0-1: Swinging Strike 0-2: Foul Ball, location: 2F 0-2: Strikes out swinging
|
Batting: RHB Roy Baker
|
0-0: Called Strike 0-1: Called Strike 0-2: Ball 1-2: Foul Ball, location: 2F 1-2: Ball 2-2: SOLO HOME RUN (Flyball, 89XD), Distance : 370 ft
|
Batting: SHB George Wilder
|
0-0: Ball 1-0: Called Strike 1-1: Called Strike 1-2: Ball 2-2: Foul Ball, location: 2F 2-2: Fly out, F7 (Flyball, 7LM)
|
Batting: RHB Todd Oliver
|
0-0: Ball 1-0: Ball 2-0: Fly out, F9 (Flyball, 9M)
|
Top of the 7th over - 1 run(s), 1 hit(s), 0 error(s), 0 left on base; Utah 2 - Texas A&M 0 |
BOTTOM OF THE 7TH |
Texas A&M Aggies batting - Pitching for Utah Utes : RHP Dave Owens
|
Pitching: RHP Rick Núñez
|
|
Batting: RHB Ryan Hilton
|
0-0: Called Strike 0-1: SINGLE (Groundball, 34D)
|
Batting: RHB Julian Lee
|
0-0: Bunted foul 0-1: Bunted foul 0-2: Fly out, F7 (Line Drive, 7S)
|
Batting: SHB Clint Woods
|
0-0: Hit by Pitch Ryan Hilton to second
|
Pinch Hitting: LHB Vicente Rangel
|
0-0: Ball 1-0: Foul Ball, location: 2F 1-1: Foul Ball, location: 2F 1-2: Foul Ball, location: 2F 1-2: Strikes out swinging
|
Batting: SHB Bill Butler
|
0-0: Called Strike 0-1: Ball 1-1: Ground out U3 (Groundball, 3)
|
Bottom of the 7th over - 0 run(s), 1 hit(s), 0 error(s), 2 left on base; Utah 2 - Texas A&M 0 |
TOP OF THE 8TH |
Utah Utes batting - Pitching for Texas A&M Aggies : RHP Ernesto González
|
Now at SS: Carl Burke
|
|
Batting: LHB Phil Cantrell
|
0-0: Ball 1-0: Called Strike 1-1: Ground out 1-3 (Groundball, 25)
|
Batting: RHB Hunter Plunket
|
0-0: Called Strike 0-1: Ball 1-1: Ball 2-1: Foul Ball, location: 2F 2-2: Foul Ball, location: 2F 2-2: Strikes out swinging
|
Pitching: LHP Gonzalo Rivera
|
|
Batting: LHB Felipe Valino
|
0-0: Reached on Error, E7 (Line Drive, 7M)
|
Batting: LHB Max Hoskins
|
0-0: Ball 1-0: Ball 2-0: Fly out, F9 (Flyball, 89D)
|
Top of the 8th over - 0 run(s), 0 hit(s), 1 error(s), 1 left on base; Utah 2 - Texas A&M 0 |
BOTTOM OF THE 8TH |
Texas A&M Aggies batting - Pitching for Utah Utes : RHP Rick Núñez
|
Now in LF: Leon Heath
|
|
Batting: LHB Dave Bryant
|
0-0: Swinging Strike 0-1: Foul Ball, location: 2F 0-2: Foul Ball, location: 2F 0-2: Strikes out looking
|
Batting: RHB Chris Burrell
|
0-0: Called Strike 0-1: Foul Ball, location: 2F 0-2: SINGLE (Groundball, 56D)
|
Pitching: LHP Michael George
|
|
Batting: LHB Jeff Douglas
|
0-0: Ball 1-0: Ball 2-0: Swinging Strike 2-1: Swinging Strike 2-2: Foul Ball, location: 2F 2-2: Strikes out swinging
|
Pitching: RHP Rafael García
|
|
Batting: RHB Chance May
|
0-0: Called Strike 0-1: Ball 1-1: Foul Ball, location: 2F 1-2: SINGLE (Groundball, 34D) Chris Burrell to second Runner from 2nd tries for 3rd, SAFE, throw made to third Chance May to second
|
Batting: RHB Ryan Hilton
|
0-0: Ball 1-0: Foul Ball, location: 2F 1-1: Ball 2-1: Ball 3-1: Base on Balls
|
Pitching: LHP Frederick Powell
|
|
Batting: RHB Julian Lee
|
0-0: Ball 1-0: Foul Ball, location: 2F 1-1: Swinging Strike 1-2: Strikes out swinging
|
Bottom of the 8th over - 0 run(s), 2 hit(s), 0 error(s), 3 left on base; Utah 2 - Texas A&M 0 |
TOP OF THE 9TH |
Utah Utes batting - Pitching for Texas A&M Aggies : LHP Gonzalo Rivera
|
Batting: RHB Octávio Marín
|
0-0: Swinging Strike 0-1: Ball 1-1: Called Strike 1-2: Strikes out swinging
|
Batting: LHB William Butler
|
0-0: Ball 1-0: Called Strike 1-1: Ground out U3 (Groundball, 3)
|
Batting: RHB Roy Baker
|
0-0: Ball 1-0: Ball 2-0: Foul Ball, location: 2F 2-1: SINGLE (Line Drive, 4M)
|
Batting: SHB George Wilder
|
0-0: Ball 1-0: Swinging Strike 1-1: Ground out U3 (Groundball, 3L)
|
Top of the 9th over - 0 run(s), 1 hit(s), 0 error(s), 1 left on base; Utah 2 - Texas A&M 0 |
BOTTOM OF THE 9TH |
Texas A&M Aggies batting - Pitching for Utah Utes : LHP Frederick Powell
|
Pitching: RHP Reggie Reynolds
|
|
Now at 2B: Lewis Woods
|
|
Batting: SHB Clint Woods
|
0-0: Called Strike 0-1: SINGLE (Line Drive, 89S)
|
Batting: RHB Carl Burke
|
0-0: Called Strike 0-1: Swinging Strike 0-2: Grounds into double play, 2-6-3 (Groundball, 2L)
|
Batting: SHB Bill Butler
|
0-0: Ground out 4-3 (Groundball, 4)
|
Bottom of the 9th over - 0 run(s), 1 hit(s), 0 error(s), 0 left on base; Utah 2 - Texas A&M 0 |
|